 Dungeon Crawl Stone Soup version 0.30-a0-808-g6e0788376e (webtiles) character file.

Game seed: 6956202059907474705

739 cforsyth the Sneak (level 8, 0/49 HPs)
             Began as a Kobold Brigand on Feb 25, 2023.
             Was an Initiate of Hepliaklqana.
             Slain by an orc
             ... wielding a +1 short sword of electrocution
              (4 damage)
             ... on level 5 of the Dungeon.
             The game lasted 00:04:16 (3890 turns).

cforsyth the Sneak (Kobold Brigand)                 Turns: 3890, Time: 00:04:17

Health: 0/49       AC:  5    Str:  9    XL:     8   Next: 4%
Magic:  2/2        EV: 17    Int: 12    God:    Hepliaklqana [......]
Gold:   255        SH:  0    Dex: 18    Spells: 7/7 levels left

rFire   . . .      SeeInvis .    k - +4 short sword (antimagic)
rCold   . . .      Faith    .    (no shield)
rNeg    . . .      Spirit   .    b - +0 robe
rPois   .          Reflect  .    (no helmet)
rElec   .          Harm     .    c - +0 cloak
rCorr   .          Rampage  .    t - +1 pair of gloves
Will    .....                    (no boots)
Stlth   +++++                    (no amulet)
HPRegen 0.28/turn                h - ring of flight
MPRegen 0.08/turn                (no ring)

@: attractive, flying
A: small, no large weapons, nightstalker 3
a: Renounce Religion


You were on level 5 of the Dungeon.
You worshipped Hepliaklqana.
Hepliaklqana was noncommittal.
You visited 2 branches of the dungeon, and saw 6 of its levels.

You collected 255 gold pieces.

Inventory:

Hand Weapons
 a - a +2 dagger
 k - a +4 antimagic short sword (weapon)
Missiles
 d - 13 poisoned darts (quivered)
 e - 3 curare-tipped darts
Armour
 b - a +0 robe (worn)
 c - a +0 cloak (worn)
 t - a +1 pair of gloves (worn)
Jewellery
 h - a ring of flight (left hand)
 p - a ring of ice
 x - a +6 ring of dexterity
Scrolls
 g - a scroll of magic mapping {unknown}
 j - a scroll of brand weapon {unknown}
 l - a scroll of enchant armour {unknown}
 m - a scroll of torment {unknown}
 n - a scroll of poison
 q - a scroll of acquirement {unknown}
 r - 2 scrolls of identify {unknown}
 s - a scroll of butterflies {unknown}
 u - a scroll of enchant weapon {unknown}
 w - a scroll of immolation {unknown}
Potions
 f - a potion of attraction
 i - a potion of haste
 o - a potion of mutation {unknown}
 v - a potion of invisibility {unknown}


   Skills:
 + Level 5.0 Fighting
 + Level 6.0 Short Blades
 - Level 2.1 Throwing
 + Level 4.9 Dodging
 + Level 7.9 Stealth


You had 7 spell levels left.
You didn't know any spells.
Your spell library contained the following spells:

 Spells                   Type           Power      Damage    Failure   Level
 Freeze                   Ice            0%         1d3       32%         1
 Kiss of Death            Conj/Necr      0%         2d5       32%         1
 Summon Small Mammal      Summ           0%         N/A       32%         1
 Cigotuvi's Dreadful Rot  Necr/Pois/Air  0%         N/A       45%         2
 Scorch                   Fire           0%         2d5       45%         2
 Call Canine Familiar     Summ           0%         N/A       69%         3
 Confusing Touch          Hex            0%         N/A       69%         3
 Frozen Ramparts          Ice            0%         1d1       69%         3
 Hailstorm                Conj/Ice       0%         3d3       69%         3
 Kindle Blastsparks       Fire/Tloc/Air  0%         2d10      69%         3
 Summon Guardian Golem    Hex/Summ       0%         N/A       69%         3
 Dispel Undead            Necr           0%         3d6       97%         4
 Flame Wave               Conj/Fire      0%         2d4       97%         4
 Ice Form                 Ice/Tmut       0%         N/A       97%         4
 Summon Ice Beast         Ice/Summ       0%         N/A       97%         4
 Simulacrum               Ice/Necr       0%         N/A       100%        6
 Summon Cactus Giant      Summ           0%         N/A       100%        6
 Maxwell's Capacitive Co  Air            0%         ∞         100%        8


Dungeon Overview and Level Annotations

Branches:
Dungeon (5/15)             Temple (1/1) D:5

Altars:
Cheibriados
Dithmenos
Hepliaklqana
Makhleb
Nemelex Xobeh
Okawaru
Qazlal
Ru
Sif Muna
Uskayaw
Vehumet
Xom
Zin

Shops:
D:4 (

Annotations:
D:4 1 runed translucent door, Crazy Yiuf


Innate Abilities, Weirdness & Mutations

You are small and have problems with some larger weapons.
You are completely attuned to the shadows.


Message History

The orc wizard's magic leaks into the air.
The orc wizard is almost dead.
The orc closely misses you.
The orc wizard falters for a moment.
The orc closely misses you. x2
You hit the orc wizard but do no damage.
The orc wizard is almost dead.
You hit the orc wizard.
The orc wizard's magic leaks into the air.
The orc wizard is almost dead.
The orc misses you.
The orc wizard hits you with a +0 dagger.
The orc barely misses you. x2
You barely miss the orc wizard.
The orc wizard is almost dead.
The orc wizard barely misses you. The orc completely misses you.
The orc misses you. x2
You miss the orc wizard.
The orc wizard is almost dead.
You hit the orc wizard.
You kill the orc wizard!
The orc closely misses you. The orc misses you. The orc closely misses you.
Your Short Blades skill increases to level 6!
The orc closely misses you. The orc attacks as you move away!
The orc barely misses you. The orc attacks as you move away!
The orc hits you with a +0 morningstar. The orc attacks as you move away!
The orc barely misses you. The orc attacks as you move away!
The orc misses you. The orc attacks as you move away!
The orc completely misses you. The orc attacks as you move away!
The orc hits you but does no damage.
You closely miss the orc.
The orc hits you with a +1 short sword of electrocution.
You are electrocuted!
* * * LOW HITPOINT WARNING * * *
You hit the orc.
The orc is heavily wounded.
It was a potion of attraction.
You feel attractive to monsters. The orc misses you.
The orc hits you with a +1 short sword of electrocution.
You die...

...............##
..#......####.###
..#.....#####...#
.....#...#.....##
....##....##..#........##
....#.....##.........†...#
.........####............#
.?........#o..............
...).....oo@..............
...)......##..#....
.......##.##.##>..
..#>....#....#
..#.......##.. ........


You could see 3 orcs.

Vanquished Creatures
  Duvessa (D:4)
  An ogre (D:5)
  A phantom (D:5)
  2 scorpions
  Dowan (D:4)
  A hound (D:4)
  2 jellies
  An orc wizard (D:5)
  An iguana (D:5)
  Robin (D:4)
  3 gnolls (D:4)
  2 adders
  3 worms (D:2)
  3 dart slugs
  6 orcs
  12 ball pythons
  4 endoplasms
  4 giant cockroaches
  7 hobgoblins
  24 jackals
  6 kobolds
  7 quokkas
  3 bats
  8 goblins
  5 rats
109 creatures vanquished.

Notes
Turn   | Place    | Note
-------+----------+-------------------------------------------
     0 | D:1      | cforsyth the Kobold Brigand began the quest for the Orb.
     0 | D:1      | Reached XP level 1. HP: 12/12 MP: 1/1
    90 | D:1      | Reached XP level 2. HP: 18/18 MP: 2/2
   219 | D:1      | Found a faded altar of an unknown god.
   233 | D:1      | Reached XP level 3. HP: 17/22 MP: 3/3
   799 | D:2      | Reached XP level 4. HP: 28/28 MP: 1/4
   969 | D:2      | Reached skill level 6 in Stealth
  1415 | D:3      | Got the Dissertation on Fog
  1969 | D:4      | Noticed a scorpion
  1971 | D:4      | Killed a scorpion
  1972 | D:4      | Reached XP level 5. HP: 32/32 MP: 1/5
  2026 | D:4      | Noticed Duvessa
  2027 | D:4      | Noticed Dowan
  2030 | D:4      | Killed Duvessa
  2031 | D:4      | Reached XP level 6. HP: 35/38 MP: 2/6
  2043 | D:4      | Killed Dowan
  2152 | D:4      | Found a runed translucent door.
  2155 | D:4      | Noticed Crazy Yiuf
  2256 | D:4      | Reached skill level 7 in Stealth
  2338 | D:4      | Noticed Robin
  2399 | D:4      | Killed Robin
  2731 | D:4      | Reached skill level 5 in Short Blades
  2731 | D:4      | Reached XP level 7. HP: 14/43 MP: 2/7
  3296 | D:4      | Found Tetiabikk's Weapon Shop.
  3655 | D:5      | Entered Level 5 of the Dungeon
  3664 | D:5      | Found a staircase to the Ecumenical Temple.
  3712 | Temple   | Entered the Ecumenical Temple
  3761 | Temple   | Became a worshipper of Hepliaklqana the Forgotten
  3860 | D:5      | Reached skill level 5 in Fighting
  3860 | D:5      | Reached XP level 8. HP: 49/49 MP: 2/8
  3890 | D:5      | Slain by an orc

Illustrated notes

Levels and vault maps discovered:
D:1:      minmay_arrival_five_plusses, layout_loops_ring,
          hellmonk_ecumenical_altar_dog_temple
D:2:      layout_loops_ring, dreamdust_wishing_well, chequers_jeans
D:3:      layout_basic, wad_floor_pattern_untrapped
D:4:      layout_basic, serial_shops, nicolae_shop_bloodbath_and_beyond,
          chequers_arboretum, uniq_crazy_yiuf_cottage, uniq_robin, uniq_duvessa
D:5:      layout_cave_pools, mainiacjoe_overflow_catwalk,
          minmay_temple_entry_glass
Temple:   nicolae_temple_god_jail

Skill      XL: |  1  2  3  4  5  6  7  8 |
---------------+-------------------------+-----
Short Blades   | 3 4 5 6 |  6.0
Dodging        | 2 3 4 |  4.9
Fighting       | 3 4 5 |  5.0
Stealth        | 6 7 |  7.9
Throwing       | |  2.1

Action                     |  1- 3 |  4- 6 |  7- 9 || total
---------------------------+-------+-------+-------++-------
  Melee: Dagger            |    60 |       |       ||    60
         Punch             |     1 |     1 |       ||     2
         Short sword       |    15 |   111 |    97 ||   223
    Use: Potion            |       |     1 |     1 ||     2
         Scroll            |       |     1 |       ||     1
   Stab: Sleeping          |    22 |    20 |     3 ||    45
 Armour: Robe              |     9 |    11 |    13 ||    33
  Dodge: Dodged            |    38 |    69 |   114 ||   221

Table legend: (Time is in decaauts)
 A = Elapsed time spent in this place.
 B = Non-inter-level travel time spent in this place.
 C = Inter-level travel time spent in this place.
 D = Time resting spent in this place.
 E = Time spent auto-exploring this place.
 F = Levels seen in this place.
 G = Mean time per level.
                   A        B        C        D        E       F      G
               +--------+--------+--------+--------+--------+-----+--------+
         Total |   3807 |   3671 |    136 |     73 |   2897 |   6 |  634.5 |
       Dungeon |   3686 |   3557 |    129 |     73 |   2794 |   5 |  737.2 |
        Temple |    121 |    114 |      7 |      0 |    103 |   1 |  121.0 |
               +--------+--------+--------+--------+--------+-----+--------+

Top non-repeatable levels by time:
     D:4: 1637 daAuts
     D:1: 712 daAuts
     D:2: 621 daAuts
     D:3: 614 daAuts
  Temple: 121 daAuts
     D:5: 100 daAuts
